 Dungeon Crawl Stone Soup version 0.29.0-15-g675c0067aa (webtiles) character file.

Game seed: 4367642078880933354

97 Acheron the Conjurer (level 4, 0/41 HPs)
             Began as a Troll Conjurer on Sept 11, 2022.
             Killed from afar by an orc wizard (9 damage)
             ... with a puff of flame
             ... on level 3 of the Dungeon.
             The game lasted 00:13:45 (1714 turns).

Acheron the Conjurer (Troll Conjurer)               Turns: 1714, Time: 00:13:45

Health: 0/41       AC:  5    Str: 15    XL:     4   Next: 42%
Magic:  5/5        EV: 10    Int: 14    God:
Gold:   131        SH:  0    Dex: 10    Spells: 2/5 levels left

rFire   . . .      SeeInvis .     - Unarmed
rCold   . . .      Faith    .   (no shield)
rNeg    . . .      Spirit   .   a - +1 robe
rPois   .          Reflect  .   (helmet restricted)
rElec   .          Harm     .   v - scarf {shadows}
rCorr   +          Rampage  .   (gloves unavailable)
Will    .....                   (boots unavailable)
Stlth   +.........              p - amulet of the acrobat
HPRegen 0.93/turn               g - ring of resist corrosion
MPRegen 0.09/turn               (no ring)

@: hasted, very quick
A: large, unfitting armour, claws 3, regeneration 1, shaggy fur 1, tough skin 1
a: no special abilities


You were on level 3 of the Dungeon.
You visited 1 branch of the dungeon, and saw 4 of its levels.

You collected 131 gold pieces.

Inventory:

Hand Weapons
 h - a +1 rapier
 r - a +0 trident
Missiles
 s - 4 poisoned darts (quivered)
Armour
 a - a +1 robe (worn)
 v - a scarf of shadows (worn)
Jewellery
 g - a ring of resist corrosion (left claw)
 p - an amulet of the acrobat (around neck)
Scrolls
 e - a scroll of immolation
 k - 2 scrolls of fear
 o - 2 scrolls of teleportation
Potions
 b - a potion of magic
 c - 2 potions of flight
 d - a potion of resistance {unknown}
 f - 3 potions of curing
 i - a potion of brilliance {unknown}
 l - a potion of lignification {unknown}
 m - a potion of heal wounds {unknown}
 q - a potion of ambrosia {unknown}
 t - a potion of haste
 w - a potion of cancellation {unknown}


   Skills:
 * Level 1.0 Fighting
 * Level 0.4 Throwing
 * Level 2.2 Dodging
 + Level 1.1 Stealth
 * Level 1.4 Unarmed Combat
 * Level 1.4 Spellcasting
 * Level 3.4 Conjurations


You had 2 spell levels left.
You knew the following spells:

 Your Spells              Type           Power      Damage    Failure   Level
a - Magic Dart            Conj           40%        1d5       6%          1
b - Searing Ray           Conj           20%        2d5       9%          2

Your spell library contained the following spells:

 Spells                   Type           Power      Damage    Failure   Level
 Dazzling Flash           Conj/Hex       10%        N/A       36%         3
 Summon Guardian Golem    Hex/Summ       1%         N/A       58%         3
 Fulminant Prism          Conj/Hex       2%         3d6       77%         4
 Iskenderun's Mystic Bla  Conj/Tloc      5%         2d3       77%         4
 Leda's Liquefaction      Hex/Erth       0%         N/A       94%         4
 Lee's Rapid Deconstruct  Erth           0%         3d5*      100%        5
 Statue Form              Tmut/Erth      0%         N/A       100%        6
 Summon Hydra             Summ           0%         N/A       100%        7
 Summon Horrible Things   Summ           0%         N/A       100%        8


Dungeon Overview and Level Annotations

Branches:
Dungeon (4/15)
 Temple: D:4-7

Altars:
Dithmenos

Shops:
D:2 **=((

Annotations:
D:2 Natasha, Robin
D:3 exclusion: upstairs


Innate Abilities, Weirdness & Mutations

You are too large for most types of armour.
You have claws for hands.
Your natural rate of healing is unusually fast.
You are covered in fur. (AC +1)
You have tough skin. (AC +1)


Message History

Ijyb hits you with a +0 dagger. Something hits you.
You scratch Ijyb but do no damage.
Ijyb is severely wounded.
Something hits you but does no damage. Ijyb misses you.
You scratch Ijyb but do no damage.
Ijyb is severely wounded.
Something hits you.
You closely miss Ijyb.
Ijyb is severely wounded.
Ijyb hits you with a +0 dagger.
* * * LOW HITPOINT WARNING * * *
Something hits you but does no damage.
You closely miss Ijyb.
Ijyb is severely wounded.
You completely miss Ijyb.
Ijyb is severely wounded.
Something hits you.
* * * LOW HITPOINT WARNING * * *
Ijyb barely misses you.
You closely miss Ijyb.
Ijyb is severely wounded.
Something hits you but does no damage. Ijyb hits you but does no damage.
You claw Ijyb!
You kill Ijyb!
You hear some strange, mumbled words.
Something tries to affect you, but you resist.
Something hits you.
* * * LOW HITPOINT WARNING * * *
Your Fighting skill increases to level 1!
You scratch something. You miss something.
Something hits you but does no damage.
You miss something. Something hits you.
* * * LOW HITPOINT WARNING * * *
You scratch something but do no damage. Something hits you.
* * * LOW HITPOINT WARNING * * *
You miss something.
You hear some strange, mumbled words.
A puff of flame appears from out of thin air!
The puff of flame hits you!
You die...

.....##..##....#######.#.##.####
..##.#............. ...........#
........###..#...#######.####..#
..........##.....# #..# ###.##
.####.#.....#....# ###..# #.....
.. .........##...####....###.....
........>........................
............#..){.....##.###.....
...........##.##@................
..........g#⌠.⌠#.................
...........##.##..#........##.###
†.##.......#⌠_⌠#..............#
......... ##.##...........####
........ #⌠†⌠#.............####
..###.... ##.##.................
..# #.# #..................##.
..# #..##...........)........#


There were no monsters in sight!

Vanquished Creatures
  Ijyb (D:3)
  An adder (D:3)
  4 dart slugs
  4 orcs (D:3)
  6 ball pythons
  6 endoplasms
  A giant cockroach (D:2)
  5 goblins
  4 hobgoblins
  5 quokkas
  4 bats
  2 frilled lizards (D:1)
  2 kobolds (D:1)
  5 rats
50 creatures vanquished.

Notes
Turn   | Place    | Note
-------+----------+-------------------------------------------
     0 | D:1      | Acheron the Troll Conjurer began the quest for the Orb.
     0 | D:1      | Reached XP level 1. HP: 16/16 MP: 1/1
    11 | D:1      | Got Dispater's Papyrus of Mustering
    43 | D:1      | Reached skill level 3 in Conjurations
   215 | D:1      | Reached XP level 2. HP: 26/26 MP: 2/2
   531 | D:1      | Reached XP level 3. HP: 31/32 MP: 0/3
   663 | D:2      | Found Pafugor's Weapon Boutique.
   664 | D:2      | Found a shadowy altar of Dithmenos.
   716 | D:2      | Found Zutiket's Weapon Shoppe.
   896 | D:2      | Learned a level 2 spell: Searing Ray
   896 | D:2      | Found Jookh's Jewellery Shop.
   941 | D:2      | Found Cust's Assorted Antiques.
  1200 | D:2      | Found Vycoyng's Assorted Antiques.
  1211 | D:2      | Noticed Natasha
  1283 | D:2      | Noticed Robin
  1326 | D:3      | Reached skill level 1 in Unarmed Combat
  1339 | D:3      | Reached XP level 4. HP: 35/40 MP: 5/5
  1649 | D:3      | Found a faded altar of an unknown god.
  1685 | D:3      | Noticed Ijyb
  1709 | D:3      | Killed Ijyb
  1710 | D:3      | Reached skill level 1 in Fighting
  1714 | D:3      | Killed from afar by an orc wizard

Illustrated notes

Levels and vault maps discovered:
D:1:      minmay_arrival_hallway, layout_rooms
D:2:      layout_basic, basic_altar, serial_shops,
          nicolae_shop_bloodbath_and_beyond, nicolae_shop_hallway_stairs,
          nicolae_shop_behind_doors, shop, shop, chequers_serial_rivers_small_3,
          minmay_misc_feat_enclosed, uniq_robin, uniq_natasha
D:3:      layout_rooms, ebering_ecumenical_altar_hall, uniq_ijyb
D:4:      layout_gridville, lemuel_tele_altar, ebering_ghost_reflecting_pool,
          uniq_eustachio

Skill      XL: |  1  2  3  4 |
---------------+-------------+-----
Conjurations   | 3 |  3.4
Dodging        | 2 |  2.2
Unarmed Combat | 1 |  1.4
Fighting       | 1 |  1.0
Throwing       | |  0.4
Stealth        | |  1.1
Spellcasting   | |  1.4

Action                   |  1- 3 |  4- 6 || total
-------------------------+-------+-------++-------
Melee: Unarmed           |   104 |    30 ||   134
 Cast: Magic Dart        |    37 |     8 ||    45
  Use: Scroll            |    10 |     2 ||    12
       Potion            |       |     1 ||     1
Armor: Robe              |    38 |    14 ||    52
Dodge: Dodged            |    64 |     6 ||    70
